Map: [ESL] Dragon Scales

Players

soO - Winner!

  • Race: Zerg Zerg

Ryung

  • Race: Terran Terran
  • League: Diamond

Event: IEM Katowice 2023

VOD

Have the link to the VOD?

Description

Time

  • Played on: Feb. 8, 2023, 5:13 a.m.
  • Length: 9:20

All games in this series

Show
View Real Time Build Order
Export as new Build Order

soO Zerg - Winner!

Build Orders: Hatch First 

Get SALT Encoding   

  12  0:00  Drone  
  13  0:12  Overlord  
  13  0:16  Drone  
  14  0:30  Drone x2  
  16  0:47  Hatchery  
  15  0:50  Drone  
  15  0:53  Drone  
  15  0:56  Drone  
  18  1:08  Extractor  
  17  1:12  Spawning Pool  
  17  1:15  Drone  
  17  1:18  Drone  
  18  1:27  Drone  
  19  1:38  Drone  
  20  1:49  Drone  
  21  1:59  Queen x2  
  21  2:00  Zergling x4  
  27  2:10  Overlord  
  27  2:11  Drone  
  28  2:19  Hatchery  
  27  2:23  Drone  
  28  2:30  Drone  
  28  2:32  Drone x2  
  31  2:37  Queen  
  31  2:42  Drone x2  
  34  2:52  Overlord  
  34  2:53  Drone  
  34  2:54  Metabolic Boost  
  35  3:04  Drone  
  35  3:05  Overlord  
  36  3:12  Drone x3  
  39  3:16  Queen  
  39  3:18  Drone  
  42  3:24  Drone x2  
  44  3:32  Drone, Queen  
  47  3:35  Drone x2  
  47  3:39  Drone x2  
  51  3:44  Overlord, Drone x2  
  51  3:48  Drone  
  54  3:54  Queen  
  56  3:57  Drone x2  
  56  3:58  Overlord  
  56  4:00  Overlord  
  58  4:03  Drone  
  58  4:05  Drone x2  
  58  4:09  Queen  
  63  4:15  Zergling x4  
  65  4:19  Drone x2  
  65  4:20  Drone  
  65  4:23  Drone x2  
  70  4:24  Overlord  
  70  4:25  Drone x2  
  70  4:27  Drone  
  73  4:32  Drone  
  73  4:33  Queen  
  73  4:35  Drone  
  77  4:41  Drone x2  
  77  4:45  Drone x2  
  81  4:46  Overlord, Drone  
  81  4:48  Drone x2  
  81  4:49  Roach Warren  
  81  4:50  Lair, Drone  
  81  4:52  Extractor x2, Drone  
  83  4:53  Drone  
  83  4:56  Drone  
  83  4:58  Spore Crawler  
  84  5:00  Drone  
  84  5:01  Evolution Chamber  
  84  5:03  Evolution Chamber  
  84  5:04  Drone x2  
  84  5:07  Drone x2  
  87  5:08  Drone  
  87  5:09  Extractor  
  87  5:10  Extractor  
  86  5:14  Drone x2  
  86  5:15  Spore Crawler  
  86  5:17  Drone  
  86  5:18  Drone x3  
  92  5:21  Drone x3  
  92  5:23  Extractor  
  93  5:28  Zerg Missile Weapons Level 1  
  93  5:31  Zerg Ground Armor Level 1  
  93  5:36  Roach x2  
  93  5:37  Hatchery  
  93  5:39  Overlord  
  93  5:40  Overlord  
  93  5:41  Overlord  
  96  5:45  Overlord  
  96  5:46  Spore Crawler  
  96  5:48  Glial Reconstitution  
  96  5:49  Overseer  
  95  5:51  Roach  
  95  5:52  Overlord  
  95  5:54  Overlord  
  97  5:59  Roach x3  
  97  6:03  Roach x3  
  109  6:08  Roach x3  
  114  6:16  Roach x6  
  123  6:20  Drone  
  123  6:24  Drone  
  124  6:31  Drone x2  
  125  6:33  Hatchery  
  125  6:34  Roach x2  
  125  6:35  Roach x2  
  125  6:37  Ravager  
  125  6:38  Ravager x2  
  134  6:41  Drone  
  134  6:44  Overlord  
  134  6:45  Overseer  
  135  6:47  Roach x3  
  141  6:54  Roach x2  
  141  6:58  Ravager  
  141  7:01  Overlord x2  
  146  7:04  Roach x4  
  154  7:12  Roach  
  154  7:13  Overlord  
  154  7:19  Overlord x2  
  154  7:21  Roach x4  
  162  7:24  Roach  
  162  7:25  Overlord  
  164  7:31  Ravager  
  165  7:37  Roach x5  
  165  7:41  Roach  
  177  7:49  Roach  
  177  7:50  Roach  
  173  7:53  Roach x5  
  173  7:57  Roach x2  
  173  7:58  Roach x2  
  175  8:00  Roach  
  173  8:07  Ravager x2  
  173  8:08  Roach  
  173  8:09  Roach x6  
  173  8:12  Zergling x2  
  190  8:23  Zergling x8  
  194  8:31  Roach  
  194  8:33  Roach x2  
  190  8:40  Ravager  
  184  8:42  Overseer  
  184  8:44  Roach x5  
  194  8:54  Roach  
  194  8:55  Roach x3, Ravager  
  200  8:59  Extractor  
Show
View Real Time Build Order
Export as new Build Order

Ryung Terran 

Build Orders: Reaper Expand 

Get SALT Encoding   

  12  0:00  SCV  
  13  0:12  SCV  
  14  0:17  Supply Depot  
  14  0:24  SCV  
  15  0:38  SCV  
  15  0:39  Barracks  
  16  0:43  Refinery  
  16  0:50  SCV  
  17  1:02  SCV  
  18  1:14  SCV  
  19  1:27  Orbital Command, Reaper  
  20  1:38  Command Center  
  20  1:50  Supply Depot  
  20  1:53  SCV  
  21  1:58  Marine  
  22  2:05  SCV  
  23  2:14  Factory  
  23  2:17  SCV  
  23  2:21  Barracks Reactor  
  24  2:29  SCV  
  25  2:38  Command Center  
  25  2:41  SCV  
  26  2:50  Orbital Command  
  26  2:53  SCV  
  27  3:00  Barracks  
  27  3:05  SCV  
  28  3:07  Hellion  
  28  3:08  Hellion  
  28  3:11  Barracks Tech Lab  
  32  3:19  SCV x2  
  34  3:27  Refinery  
  34  3:29  Hellion  
  34  3:30  Hellion  
  34  3:31  SCV  
  34  3:32  SCV  
  40  3:35  Stimpack  
  40  3:36  Marine  
  41  3:43  SCV  
  41  3:44  SCV  
  43  3:51  Orbital Command  
  43  3:56  SCV x2  
  43  3:59  Starport  
  43  4:02  Marine  
  46  4:04  Marine x2, Factory Reactor  
  46  4:08  SCV x2  
  46  4:09  Refinery  
  50  4:17  Supply Depot  
  50  4:18  SCV  
  50  4:20  SCV  
  50  4:21  Marine  
  50  4:22  Marine x2  
  55  4:25  SCV  
  57  4:32  SCV, Supply Depot  
  57  4:34  Orbital Command  
  57  4:41  Medivac, Widow Mine x2  
  57  4:44  SCV x2  
  57  4:45  Marine x3  
  68  4:48  Armory  
  68  4:51  Supply Depot  
  68  4:56  SCV x2  
  70  5:02  Supply Depot  
  70  5:03  Marine x3, Widow Mine x2  
  77  5:12  SCV x3  
  77  5:13  Starport Reactor  
  80  5:14  Engineering Bay  
  80  5:15  Engineering Bay  
  80  5:18  Combat Shield  
  80  5:19  Supply Depot  
  80  5:24  SCV x2  
  80  5:27  SCV  
  83  5:30  Marine x3  
  83  5:35  Barracks  
  86  5:36  SCV x2  
  86  5:37  Factory Reactor, Refinery  
  86  5:41  Supply Depot  
  88  5:45  Terran Infantry Armor Level 1, Terran Infantry Weapons Level 1  
  88  5:49  SCV x3  
  91  5:52  Marine x3  
  94  6:01  SCV x2  
  96  6:06  Medivac x2  
  100  6:12  Marine x3, Barracks x2  
  100  6:16  SCV x2  
  97  6:21  SCV  
  97  6:25  Factory Tech Lab  
  94  6:28  SCV  
  94  6:29  SCV  
  94  6:30  Marine x3  
  94  6:31  Marine  
  96  6:33  Marine, SCV  
  96  6:36  Medivac x2  
  102  6:45  Siege Tank  
  106  6:47  SCV x3  
  106  6:48  Supply Depot x2  
  106  6:52  Marine  
  109  6:57  Marine x3  
  109  6:59  SCV  
  113  7:09  SCV x2  
  113  7:10  Marine x4  
  113  7:15  Marine  
  117  7:17  Siege Tank  
  117  7:20  Factory  
  117  7:21  Supply Depot  
  117  7:22  Medivac x2, Supply Depot  
  125  7:29  Barracks Reactor  
  125  7:35  Marine x4  
  125  7:36  Marine  
  122  7:46  Marine x2  
  104  7:53  Marine x5  
  104  7:54  Siege Tank  
  95  8:02  Orbital Command  
  95  8:03  SCV x2  
  95  8:04  Marine x2  
  93  8:05  Factory Tech Lab  
  93  8:11  Marine x5  
  98  8:15  Marine, SCV x2  
  101  8:21  Marine x2  
  99  8:27  SCV  
  99  8:33  Marine x6  
  97  8:35  Marine  
  97  8:39  Marine x2  
  97  8:41  Siege Tank  
  91  8:50  Marine x3  

Tags
 
Add a new tag
Caveats
  • Supply blocks, unpowered buildings, or Contaminate may cause inaccurate times.
  • Supply counts are checked every 10 seconds.